 Dungeon Sprint DCSS version 0.31-a0-662-g684573625c (webtiles) character file.

Game seed: 15470436345885441497

7672 sircluck the Grappler (level 10, -11/177 HPs)
             Began as a Troll Berserker on Sept 1, 2023.
             Was a High Priest of Trog.
             Killed by vampiric draining
             ... invoked by a vampire knight
              (13 damage)
             ... in the Dungeon (Sprint VII: "The Pits").
             The game lasted 00:05:19 (959 turns).

sircluck the Grappler (Troll Berserker)              Turns: 959, Time: 00:05:20

Health: -11/177    AC:  8    Str: 30    XL:     10   Next: 99%
Magic:  9/9        EV: 15    Int:  5    God:    Trog [*****.]
Gold:   0          SH:  0    Dex: 13    Spells: 9/9 levels left

rFire   . . .        n - +8 giant club (heavy)
rCold   . . .        (shield currently unavailable)
rNeg    . . .        a - +0 animal skin
rPois   .            (helmet restricted)
rElec   .            m - +0 cloak
rCorr   .            (gloves unavailable)
SInv    .            (boots unavailable)
Will    +....        (no amulet) Stlth
                     k - +3 ring of protection
HPRegen 1.29/turn    l - +3 ring of intelligence
MPRegen 0.11/turn

%: no teleportation
@: berserking (expiring), very quick
A: large, unfitting armour, claws 3, regeneration 1, shaggy fur 1, tough skin 1,
agile 1, strong-willed 1
a: Renounce Religion, Berserk, Trog's Hand, Brothers in Arms


You were in the Dungeon.
You worshipped Trog.
Trog was extremely pleased with you.
You visited 1 branch

Inventory:

Hand Weapons
 n - a +8 heavy giant club (weapon)
Armour
 a - a +0 animal skin (worn)
 m - a +0 cloak (worn)
Jewellery
 k - a +3 ring of protection (left claw)
 l - a +3 ring of intelligence (right claw)
Scrolls
 g - a scroll of blinking
 i - 2 scrolls of vulnerability
 j - a scroll of summoning
Potions
 b - 7 potions of curing
 c - 7 potions of heal wounds
 d - a potion of haste
 e - 4 potions of magic
 f - 4 potions of berserk rage
 h - 2 potions of invisibility
 o - a potion of might


   Skills:
 + Level 12.8 Fighting
 + Level 8.0 Maces & Flails
 + Level 12.7 Dodging
 + Level 14.9 Unarmed Combat


You had 9 spell levels left.
You didn't know any spells.
Your spell library was empty.

Dungeon Overview and Level Annotations

Branches:
Dungeon (1/1)

Altars:
Cheibriados
Dithmenos
Elyvilon
Fedhas
Gozag
Hepliaklqana
Makhleb
Nemelex Xobeh
Okawaru
Qazlal
Ru
Sif Muna
Trog
Wu Jian
Xom
Yredelemnul
Zin
The Shining One
Jiyva


Innate Abilities, Weirdness & Mutations

You are too large for most types of armour.
You have claws for hands.
Your natural rate of healing is unusually fast.
You are covered in fur. (AC +1)
You have tough skin. (AC +1)
You are agile. (Dex +4, Str/Int -1)
You are strong-willed. (Will+)


Message History

Trog accepts your kill. Something hits your troll!
Your troll dies!
Your troll's corpse disappears in a puff of smoke!
A gnoll bouda comes into view. It is wielding a +0 whip.
You hear a shout!
A red film seems to cover your vision as you go berserk!
You feel yourself moving faster!
You feel mighty! Something draws life force from you!
The deep elf zephyrmancer casts a spell.
The deep elf zephyrmancer blinks!
The gnoll bouda barks out a call to the hunt!
You barely miss something. Something hits you!! Something bites you!
Something draws strength from your injuries!
Something hits you!! Something bites you!
Something draws strength from your injuries!
You hit something but do no damage. Something draws life force from you!
* * * LOW HITPOINT WARNING * * *
Something hits you.
* * * LOW HITPOINT WARNING * * *
Something bites you.
* * * LOW HITPOINT WARNING * * *
Something draws strength from your injuries!
You sock something! Something hits you but does no damage.
Something bites you but does no damage. Something barely misses you.
Something bites you but does no damage.
You closely miss something. Something hits you!!
* * * LOW HITPOINT WARNING * * *
Something bites you but does no damage.
An orc sorcerer comes into view.
It is wielding a +0 dagger and wearing a +2 robe of positive energy.
Something hits you.
* * * LOW HITPOINT WARNING * * *
Something bites you but does no damage.
You closely miss something.
The orc sorcerer shouts!
Something draws life force from you!
* * * LOW HITPOINT WARNING * * *
An orc high priest comes into view. It is wielding a +0 halberd.
Something draws life force from you!
You die... ....# ##### ############### #### ..............###..# o #......÷.......#..## y# ###...#'######..)## gyM

..#####)##...##÷## .#e#
....##.).#...#...# .K.O.
.....#...#...#..@#gyo..o
.....'...+.[))...{OMyo..
.....#...#...#...#Mo....
....##...#...#.).#we....
..#####.##...##÷## #.#.#
###...#'######.).## ....
#........†.....#..# #.#
......).†.....###..# ..
############### ####


You could see an orc high priest (wandering), a guardian mummy, a deep elf
zephyrmancer, an orc warrior, a vampire mosquito, an ogre, a mummy and a worm.

Vanquished Creatures
  An ettin (D)
  A great orb of eyes (D)
  A death yak (D)
  A phantasmal warrior (D)
  A deep elf pyromancer (D)
  A manticore (D)
  An elephant (D)
  A smoke demon (D)
  An ice devil (D)
  2 hornets (D)
  A flying skull (D)
  A spriggan (D)
  A fire bat (D)
  A warg (D)
  An acid dragon (D)
  A water moccasin (D)
  3 floating eyes (D)
  A sky beast (D)
  A swamp drake (D)
  A black bear (D)
  4 wolves (D)
  A phantom (D)
  2 kobold brigands (D)
  3 killer bees (D)
  A quasit (D)
  A hound (D)
  A gnoll (D)
  2 adders (D)
  A worm (D)
  3 ball pythons (D)
  2 giant cockroaches (D)
  A hobgoblin (D)
  3 jackals (D)
  A kobold (D)
  A quokka (D)
  A frilled lizard (D)
  2 goblins (D)
53 creatures vanquished.

Vanquished Creatures (collateral kills)
  A bog body (D)
  A komodo dragon (D)
  A shadow (D)
  A spriggan (D)
  A gnoll sergeant (D)
  A killer bee (D)
  7 gnolls (D)
  A river rat (D)
  A kobold (D)
15 creatures vanquished.

Vanquished Creatures (others)
  3 killer bees (D)
  A gnoll (D)
4 creatures vanquished.

Grand Total: 72 creatures vanquished

Notes
Turn   | Place    | Note
-------+----------+-------------------------------------------
     0 | D        | sircluck the Troll Berserker began the quest for the Orb.
     0 | D        | Reached XP level 1. HP: 22/22 MP: 0/0
    52 | D        | Found a bloodstained altar of Trog.
    52 | D        | Found a shimmering blue altar of Sif Muna.
    52 | D        | Found a viscous altar of Jiyva.
    52 | D        | Found a hazy altar of Hepliaklqana.
    52 | D        | Found an opulent altar of Gozag.
    53 | D        | Found a glowing golden altar of the Shining One.
    53 | D        | Found a glowing silver altar of Zin.
    53 | D        | Found a basalt altar of Yredelemnul.
    53 | D        | Found a shimmering altar of Xom.
    53 | D        | Found an ornate altar of the Wu Jian Council.
    53 | D        | Found a sacrificial altar of Ru.
    53 | D        | Found a stormy altar of Qazlal.
    53 | D        | Found an iron altar of Okawaru.
    53 | D        | Found a sparkling altar of Nemelex Xobeh.
    53 | D        | Found a burning altar of Makhleb.
    53 | D        | Found a blossoming altar of Fedhas.
    53 | D        | Found a white marble altar of Elyvilon.
    53 | D        | Found a shadowy altar of Dithmenos.
    53 | D        | Found a snail-covered altar of Cheibriados.
    68 | D        | Reached ** piety under Trog
    79 | D        | Reached skill level 4 in Unarmed Combat
    79 | D        | Reached XP level 2. HP: 30/31 MP: 1/1
    81 | D        | Noticed a floating eye
    81 | D        | Noticed a floating eye
    82 | D        | Paralysed by a floating eye for 4 turns
    87 | D        | Reached *** piety under Trog
    89 | D        | Killed a floating eye
    89 | D        | Paralysed by a floating eye for 2 turns
    90 | D        | Reached skill level 5 in Fighting
    90 | D        | Reached skill level 5 in Dodging
    90 | D        | Reached skill level 6 in Unarmed Combat
    90 | D        | Reached XP level 3. HP: 38/42 MP: 2/2
    90 | D        | Reached XP level 4. HP: 45/50 MP: 3/3
    94 | D        | Killed a floating eye
    95 | D        | Reached skill level 7 in Unarmed Combat
    95 | D        | Reached XP level 5. HP: 47/59 MP: 4/4
    99 | D        | Reached **** piety under Trog
   156 | D        | Noticed a floating eye
   170 | D        | Reached XP level 6. HP: 68/68 MP: 5/5
   183 | D        | Killed a floating eye
   183 | D        | Reached ***** piety under Trog
   184 | D        | Reached skill level 8 in Unarmed Combat
   201 | D        | Reached skill level 9 in Unarmed Combat
   215 | D        | Reached XP level 7. HP: 62/80 MP: 6/6
   218 | D        | Noticed a flying skull
   226 | D        | Killed a flying skull
   227 | D        | Reached skill level 10 in Unarmed Combat
   294 | D        | Noticed a bog body
   294 | D        | Noticed a great orb of eyes
   308 | D        | Killed a great orb of eyes
   309 | D        | Reached skill level 11 in Unarmed Combat
   309 | D        | Reached XP level 8. HP: 35/93 MP: 7/7
   309 | D        | Killed a bog body
   309 | D        | Received a gift from Trog
   310 | D        | Reached skill level 10 in Fighting
   310 | D        | Reached skill level 10 in Dodging
   310 | D        | Reached skill level 12 in Unarmed Combat
   316 | D        | Reached XP level 9. HP: 62/102 MP: 8/8
   389 | D        | Gained mutation: You are strong-willed. (Will+) [potion of
                  | mutation]
   389 | D        | Gained mutation: You are agile. (Dex +4, Str/Int -1)
                  | [potion of mutation]
   538 | D        | Received a gift from Trog
   577 | D        | Noticed a phantasmal warrior
   582 | D        | Reached skill level 1 in Maces & Flails
   591 | D        | Killed a phantasmal warrior
   592 | D        | Reached skill level 13 in Unarmed Combat
   598 | D        | Reached ****** piety under Trog
   600 | D        | Received a gift from Trog
   664 | D        | Noticed an elephant
   670 | D        | Killed an elephant
   683 | D        | Noticed a manticore
   690 | D        | Killed a manticore
   691 | D        | Reached XP level 10. HP: 87/114 MP: 9/9
   697 | D        | Noticed a death yak
   702 | D        | Killed a death yak
   703 | D        | Reached skill level 5 in Maces & Flails
   703 | D        | Received a gift from Trog
   760 | D        | Noticed a smoke demon
   765 | D        | Noticed a deep elf pyromancer
   770 | D        | Reached skill level 14 in Unarmed Combat
   778 | D        | Killed a smoke demon
   784 | D        | Killed a deep elf pyromancer
   895 | D        | Noticed an ettin
   900 | D        | Noticed a spriggan rider
   902 | D        | Killed an ettin
   910 | D        | Received a gift from Trog
   939 | D        | Noticed a vampire knight
   942 | D        | Noticed a deep elf zephyrmancer
   958 | D        | Noticed an orc sorcerer
   959 | D        | HP: 2/177 [something (17)]
   959 | D        | Noticed an orc high priest
   959 | D        | Killed from afar by a vampire knight

Illustrated notes

Levels and vault maps discovered:
D:        pitsprint [storerooms_1, entrance_room_1, metal_vault_1, armoury_1,
          mini_pit_1, grid_room_1, main_hall_1, silver_pit, the_coven_1,
          the_vestibule_1, steel_vault_4, golden_pit, hallway_of_sentries,
          crystal_vault_2, iron_vault_1, final_vault]

Skill      XL: |  1  2  3  4  5  6  7  8  9 10 |
---------------+-------------------------------+-----
Fighting       | 3 5 6 8 9 10 11 12 | 12.8
Dodging        | 3 5 6 7 9 10 11 12 | 12.7
Unarmed Combat | 4 6 7 9 11 12 13 14 | 14.9
Maces & Flails | 4 8 |  8.0

Action                     |  1- 3 |  4- 6 |  7- 9 | 10-12 || total
---------------------------+-------+-------+-------+-------++-------
  Melee: Unarmed           |    17 |    27 |    69 |    29 ||   142
         Punch             |       |       |     5 |     3 ||     8
         Giant club        |       |       |       |     5 ||     5
 Invoke: Berserk           |       |       |     2 |     3 ||     5
         Brothers in Arms  |       |       |     1 |     4 ||     5
    Use: Potion            |       |       |     2 |     3 ||     5
   Stab: Sleeping          |     1 |       |       |       ||     1
         Confused          |       |       |     1 |       ||     1
 Armour: Animal skin       |    16 |    20 |    45 |    53 ||   134
  Dodge: Dodged            |    10 |    12 |    47 |    52 ||   121

Table legend: (Time is in decaauts)
 A = Elapsed time spent in this place.
 B = Non-inter-level travel time spent in this place.
 C = Inter-level travel time spent in this place.
 D = Time resting spent in this place.
 E = Time spent auto-exploring this place.
 F = Levels seen in this place.
 G = Mean time per level.
                   A        B        C        D        E       F      G
               +--------+--------+--------+--------+--------+-----+--------+
         Total |    975 |    869 |    106 |    251 |    129 |   1 |  975.0 |
       Dungeon |    975 |    869 |    106 |    251 |    129 |   1 |  975.0 |
               +--------+--------+--------+--------+--------+-----+--------+

Top non-repeatable levels by time:
       D: 975 daAuts
